 Dungeon Sprint DCSS version 0.24-a0-537-g2d01d4a (webtiles) character file.

Game seed: 16359303318470958385

1643 Joshtr2000 the Spear-Bearer (level 8, 0/129 HPs)
             Began as a Hill Orc Berserker on Aug 15, 2019.
             Was an Elder of Trog.
             Slain by a demonic crawler (5 damage)
             ... in the Dungeon (Sprint I: "Red Sonja").
             The game lasted 00:09:30 (1413 turns).

Joshtr2000 the Spear-Bearer (Hill Orc Berserker)    Turns: 1413, Time: 00:09:31

Health: 0/129      AC: 12    Str: 27    XL:     8   Next: 99%
Magic:  8/8        EV: 14    Int:  7    God:    Trog [****..]
Gold:   254        SH:  0    Dex: 10    Spells: 7/7 levels left

rFire    . . .     SeeInvis .   j - +0 scythe (protect)
rCold    . . .     Gourm    .   (shield currently unavailable)
rNeg     . . .     Faith    .   b - +0 animal skin
rPois    +         Spirit   .   (no helmet)
rElec    +         Reflect  .   l - +2 cloak "Keunk" {rElec rPois}
rCorr    .         Harm     .   (no gloves)
MR       .....     NoTele   +   (no boots)
Stlth    ..........             (no amulet)
HPRegen  0.31/turn              (no ring)
MPRegen  0.11/turn              (no ring)

@: berserking (expiring), protection aura, very quick
A: no striking features
a: Berserk, Trog's Hand, Brothers in Arms, Renounce Religion


You were in the Dungeon.
You worshipped Trog.
Trog was greatly pleased with you.
You were very hungry.

You visited 1 branch You collected 711 gold pieces.
You spent 457 gold pieces at shops.

Inventory:

Hand Weapons
 a - a +0 spear
 j - a +0 scythe of protection (weapon)
Missiles
 d - 2 curare-tipped darts (quivered)
Armour
 b - a +0 animal skin (worn)
 l - the +2 cloak "Keunk" (worn) {rElec rPois}
   (You bought it in a shop in the Dungeon)

   It insulates you from electricity.
   It protects you from poison.
Scrolls
 h - a scroll of remove curse {unknown}
Potions
 e - 2 potions of curing
 f - a potion of haste
 g - 2 potions of magic
 k - a potion of cancellation {unknown}
Comestibles
 c - a ration


   Skills:
 + Level 13.5 Fighting
 + Level 14.0 Polearms
 + Level 6.1 Armour
 + Level 6.3 Dodging
 + Level 0.1 Stealth


You had 7 spell levels left.
You didn't know any spells.
Your spell library was empty.

Dungeon Overview and Level Annotations

Branches:
Dungeon (1/1)

Altars:
Cheibriados
Dithmenos
Elyvilon
Fedhas
Gozag
Hepliaklqana
Kikubaaqudgha
Makhleb
Nemelex Xobeh
Okawaru
Qazlal
Ru
Sif Muna
Trog
Uskayaw
Vehumet
Wu Jian
Xom
Yredelemnul
Zin
The Shining One
Jiyva
Lugonu

Shops:
D [


Message History

* * * LOW HITPOINT WARNING * * *
The demonic crawler barely misses you. The demonic crawler misses you.
Okay, then.
You are too berserk!
You hit the demonic crawler but do no damage.
The demonic crawler is heavily wounded.
The demonic crawler hits you.
* * * LOW HITPOINT WARNING * * *
The demonic crawler closely misses you.
The demonic crawler hits you but does no damage.
The demonic crawler misses you.
The demonic crawler hits you but does no damage. x2
You slash the demonic crawler!
The demonic crawler is severely wounded.
The demonic crawler hits you.
* * * LOW HITPOINT WARNING * * *
The demonic crawler hits you.
* * * LOW HITPOINT WARNING * * *
The demonic crawler hits you.
You die...

######################
..)..#..'..#__#.@s...#
..#..'[.#..'..'.s#)..##+#
####'#####'#__####...'..#
###..#...#.#### #####..+
__####..##.#§§§ ##
_____##'#_.+§§§
_.∩...'..._#§§§
_..__##_.#+# +#
_____###'#


You could see 2 demonic crawlers.

Vanquished Creatures
  2 kobold demonologists (D)
  A demonic crawler (D)
  A slime creature (D)
  Sigmund (D)
  A yak (D)
  A floating eye (D)
  An ogre (D)
  A jelly (D)
  Ijyb (D)
  3 ballistomycetes (D)
  A ballistomycete spore (D)
14 creatures vanquished.

Vanquished Creatures (collateral kills)
  A demonic crawler (D)
1 creature vanquished.

Vanquished Creatures (others)
  Sonja (D)
  A gargoyle (D)
  A ballistomycete spore (D)
3 creatures vanquished.

Grand Total: 18 creatures vanquished

Notes
Turn   | Place    | Note
-------+----------+-------------------------------------------
     0 | D        | Joshtr2000 the Hill Orc Berserker began the quest for the
                  | Orb.
     0 | D        | Reached XP level 1. HP: 19/19 MP: 1/1
     1 | D        | Noticed Ijyb
     5 | D        | Killed Ijyb
     5 | D        | Reached skill level 5 in Fighting
     5 | D        | Reached skill level 5 in Polearms
     5 | D        | Reached XP level 2. HP: 29/29 MP: 2/2
     5 | D        | Reached XP level 3. HP: 36/36 MP: 3/3
    50 | D        | Noticed an ogre
    55 | D        | Killed an ogre
    55 | D        | Reached skill level 7 in Polearms
    55 | D        | Reached XP level 4. HP: 47/47 MP: 4/4
   113 | D        | Noticed Sigmund
   122 | D        | Killed Sigmund
   122 | D        | Reached ** piety under Trog
   122 | D        | Reached skill level 9 in Polearms
   122 | D        | Reached XP level 5. HP: 58/58 MP: 5/5
   122 | D        | Reached XP level 6. HP: 66/66 MP: 6/6
   175 | D        | Found a shimmering blue altar of Sif Muna.
   176 | D        | Found an ornate altar of the Wu Jian Council.
   177 | D        | Found a radiant altar of Vehumet.
   181 | D        | Reached skill level 10 in Fighting
   181 | D        | Reached skill level 5 in Armour
   187 | D        | Noticed Sonja
   204 | D        | Paralysed by Sonja for 3 turns
   246 | D        | Found Sog Heor's Armour Emporium.
   246 | D        | Found an ancient bone altar of Kikubaaqudgha.
   246 | D        | Found a hazy altar of Hepliaklqana.
   246 | D        | Found a stormy altar of Qazlal.
   246 | D        | Found a hide-covered altar of Uskayaw.
   246 | D        | Found a blossoming altar of Fedhas.
   246 | D        | Found a bloodstained altar of Trog.
   246 | D        | Found an iron altar of Okawaru.
   246 | D        | Found a basalt altar of Yredelemnul.
   246 | D        | Found a glowing golden altar of the Shining One.
   246 | D        | Found a snail-covered altar of Cheibriados.
   246 | D        | Found a sacrificial altar of Ru.
   246 | D        | Found a glowing silver altar of Zin.
   246 | D        | Found a shadowy altar of Dithmenos.
   246 | D        | Found a white marble altar of Elyvilon.
   246 | D        | Noticed a yak
   257 | D        | Killed a yak
   257 | D        | Reached skill level 10 in Polearms
   258 | D        | Found an opulent altar of Gozag.
   870 | D        | Found a sparkling altar of Nemelex Xobeh.
   874 | D        | Bought the +2 cloak "Keunk" {rElec rPois} for 457 gold
                  | pieces
   890 | D        | Found a viscous altar of Jiyva.
   890 | D        | Found a corrupted altar of Lugonu.
   890 | D        | Noticed a slime creature
   891 | D        | Found a burning altar of Makhleb.
   891 | D        | Found a shimmering altar of Xom.
   896 | D        | Killed a slime creature
   896 | D        | Reached *** piety under Trog
   896 | D        | Reached skill level 11 in Polearms
   896 | D        | Reached XP level 7. HP: 40/74 MP: 7/7
   950 | D        | Killed Sonja
  1060 | D        | Noticed a kobold demonologist
  1060 | D        | Noticed a kobold demonologist
  1063 | D        | Paralysed by a floating eye for 3 turns
  1064 | D        | Noticed a red devil
  1066 | D        | Noticed a neqoxec
  1072 | D        | Killed a kobold demonologist
  1072 | D        | Reached skill level 12 in Polearms
  1072 | D        | Reached skill level 5 in Dodging
  1072 | D        | Reached XP level 8. HP: 85/85 MP: 8/8
  1077 | D        | Killed a kobold demonologist
  1077 | D        | Reached **** piety under Trog
  1077 | D        | Reached skill level 13 in Polearms
  1110 | D        | Noticed a demonic crawler
  1110 | D        | Noticed a demonic crawler
  1110 | D        | Noticed a demonic crawler
  1110 | D        | Noticed a demonic crawler
  1115 | D        | Killed a demonic crawler
  1257 | D        | Killed a gargoyle
  1408 | D        | Killed a demonic crawler
  1408 | D        | Reached skill level 14 in Polearms
  1413 | D        | HP: 5/129 [demonic crawler (6)]
  1413 | D        | Slain by a demonic crawler

Levels and vault maps discovered:
D:        dungeon_sprint_1 [red_sonja_temple_1, red_sonja_temple_small_1]

Skill      XL: |  1  2  3  4  5  6  7  8 |
---------------+-------------------------+-----
Fighting       | 5 7 9 11 12 13 | 13.5
Polearms       | 5 7 9 11 12 14 | 14.0
Armour         | 3 4 5 6 |  6.1
Dodging        | 2 3 4 5 6 |  6.3
Stealth        | |  0.1

Action                   |  1- 3 |  4- 6 |  7- 9 || total
-------------------------+-------+-------+-------++-------
Melee: Spear             |     7 |     7 |       ||    14
       Scythe            |       |    38 |    30 ||    68
Invok: Berserk           |     2 |     2 |     2 ||     6
       Trog's Hand       |       |       |     1 ||     1
       Brothers in Arms  |       |       |     1 ||     1
  Use: Potion            |       |     3 |       ||     3
       Scroll            |       |       |     1 ||     1
  Eat: Ration            |       |     2 |       ||     2
Armor: Animal skin       |       |     4 |    40 ||    44
Dodge: Dodged            |     1 |    27 |    53 ||    81

Table legend:
 A = Non-vault XP
 B = Vault XP
 C = Vault XP percentage of total XP
 D = Non-vault monster count
 E = Vault monster count
 F = Vault count percentage of total count
                 A         B        C        D         E       F
            +---------+---------+-------+---------+---------+-------
      Total |       0 |    2348 | 100.0 |       0 |      11 | 100.0
            +---------+---------+-------+---------+---------+-------
          D |       0 |    2348 | 100.0 |       0 |      11 | 100.0
            +---------+---------+-------+---------+---------+-------
